 Dungeon Crawl Stone Soup version 0.22-a0-322-g60b3cfd (webtiles) character file.

42 Amnesiac the Gusty (level 3, -1/19 HPs)
             Began as a Tengu Air Elementalist on Apr 3, 2018.
             Slain by Jessica
             ... wielding a +9 club
              (7 damage)
             ... on level 2 of the Dungeon.
             The game lasted 00:02:24 (1349 turns).

Amnesiac the Gusty (Tengu Air Elementalist)         Turns: 1349, Time: 00:02:25

Health: -1/19      AC:  5    Str:  8    XL:     3   Next: 56%
Magic:  7/7        EV: 12    Int: 16    God:
Gold:   55         SH:  0    Dex: 14    Spells: 5/7 levels left

rFire    . . .     SeeInvis .   m - +0 mace
rCold    . . .     Gourm    .   (no shield)
rNeg     + . .     Faith    .   a - +0 robe
rPois    .         Spirit   .   (helmet restricted)
rElec    .         Reflect  .   (no cloak)
rCorr    .         Harm     .   q - +2 pair of gloves
MR       .....                  (boots unavailable)
Stlth    ++........             o - amulet of inaccuracy (curse)
HPRegen  0.06/turn              f - ring of positive energy
MPRegen  0.10/turn              (no ring)

@: no status effects
A: beak, talons 3
a: no special abilities


You were on level 2 of the Dungeon.
You were not hungry.

You visited 1 branch of the dungeon, and saw 2 of its levels.

You collected 55 gold pieces.

Inventory:

Hand Weapons
 m - a +0 mace (weapon)
Armour
 a - a +0 robe (worn)
 q - a +2 pair of gloves (worn)
Jewellery
 f - a ring of positive energy (left hand)
 o - a cursed amulet of inaccuracy (around neck)
Scrolls
 b - 2 scrolls of blinking {!r}
 i - 2 scrolls of amnesia {!r}
 j - a scroll of remove curse {!r, unknown}
 k - a scroll of fear {!r, unknown}
 l - a scroll of identify {!r, unknown}
 n - a scroll of teleportation {!r, unknown}
 r - a scroll of fog {!r, unknown}
Potions
 d - 2 potions of might {!q, unknown}
 e - a potion of mutation {!q, unknown}
 h - 3 potions of degeneration {!q, unknown}
 p - a potion of curing {!q, unknown}
Comestibles
 c - 2 rations
 g - 7 chunks of flesh


   Skills:
 - Level 2.1 Dodging
 - Level 2.0 Stealth
 + Level 2.5 Spellcasting
   Level 1.3 Conjurations
 * Level 5.4 Air Magic


You had 5 spell levels left.
You knew the following spells:

 Your Spells              Type           Power        Failure   Level  Hunger
z - Swiftness             Chrm/Air       ##......     10%         2    ##.....


Dungeon Overview and Level Annotations

Branches:
Dungeon (2/15)

Altars:

Annotations:
D:2 Jessica


Innate Abilities, Weirdness & Mutations

You have a beak for a mouth.
You have claws for feet.


Message History

There is a stone staircase leading up here.
There are monsters nearby!
Found a short sword.
The hobgoblin shouts!
Some of the chunks of flesh in your inventory have rotted away.
There is a stone staircase leading up here.
The hobgoblin barely misses you.
You climb upwards.
There is a stone staircase leading down here.
You miss the hobgoblin. The hobgoblin barely misses you.
You hit the hobgoblin but do no damage. The hobgoblin barely misses you. x2
You barely miss the hobgoblin.
You claw the hobgoblin, but do no damage.
The hobgoblin hits you but does no damage.
You hit the hobgoblin.
The hobgoblin is severely wounded.
The hobgoblin hits you with a club.
You miss the hobgoblin.
You kill the hobgoblin!
No target in view!
No target in view!
Things that are here:
a club; a hobgoblin corpse You butcher the hobgoblin corpse.
g - 8 chunks of flesh (gained 2)
You see here a club.
There is a stone staircase leading down here.
You start resting.
HP restored.
You climb downwards.
There is a stone staircase leading up here.
You hit the ball python.
You kill the ball python!
No target in view!
No target in view!
You butcher the ball python corpse.
g - 10 chunks of flesh (gained 2)
There is a stone staircase leading down here.
You open the door.
There is an open door here.
As you open the door, it creaks loudly!
You hear a bark!
There is an open door here.
r - a scroll labeled RUKOJA ZAM {!r}
Found a ring mail.
A hobgoblin comes into view.
The hobgoblin shouts!
You hear a shout!
A hobgoblin is nearby!
You see here a ring mail.
You completely miss the hobgoblin.
You kill the hobgoblin!
No target in view!
No target in view!
Jessica the Apprentice Sorceress comes into view.
She is wielding an enchanted club.
You see here a hobgoblin corpse.
Some of the chunks of flesh in your inventory have rotted away.
You see here a ring mail.
You start waiting.
Jessica hits you with an enchanted club.
You closely miss Jessica.
Jessica hits you with an enchanted club!
* * * LOW HITPOINT WARNING * * *
You barely miss Jessica.
Jessica hits you with an enchanted club!
You die...

+...+ # #...+##+#
#.###........
#####.#..........
........[†.......
######.####'####
#.# #######@####
#.......@..#
#.#####.##.#
#......#.#
#...#..#.#.#
#...'..#.#)##
#...##+#+#..####
#.#..............#
#.....#......<...#
#.....'..........#


You could see Jessica.

Vanquished Creatures
  A dart slug (D:1)
  An orc (D:2)
  A ball python (D:2)
  3 goblins
  9 hobgoblins
  2 jackals (D:2)
  3 kobolds (D:1)
  9 bats
  2 frilled lizards (D:1)
  2 rats (D:1)
33 creatures vanquished.

Notes
Turn   | Place    | Note
-------+----------+-------------------------------------------
     0 | D:1      | Amnesiac the Tengu Air Elementalist began the quest for the Orb.
     0 | D:1      | Reached XP level 1. HP: 10/10 MP: 4/4
   403 | D:1      | Reached XP level 2. HP: 15/15 MP: 4/6
   407 | D:1      | Learned a level 2 spell: Swiftness
   708 | D:1      | Reached skill level 5 in Air Magic
   776 | D:1      | Reached XP level 3. HP: 19/19 MP: 5/7
  1337 | D:2      | Noticed Jessica
  1349 | D:2      | Slain by Jessica

Vault maps used:
D:1:      dpeg_arrival_solitude
D:2:      serial_curves, eino_curves_03, eino_curves_03,
          guppyfry_early_orc_mine, uniq_natasha, uniq_jessica

Skill      XL: |  1  2 |
---------------+-------+-----
Air Magic      | 5 |  5.4
Dodging        | |  2.1
Stealth        | |  2.0
Spellcasting   | |  2.5
Conjurations   | |  1.3

Action                   || total
-------------------------++-------
Melee: Unarmed           ||     3
       Peck              ||     2
       Mace              ||    22
       Kick              ||     8
 Cast: Shock             ||    49
  Use: Scroll            ||     3
  Eat: Chunk             ||     2
Armor: Robe              ||    23
Dodge: Dodged            ||    41

Table legend:
 A = Spawn XP
 B = Non-spawn XP
 C = Spawn XP percentage of total XP
 D = Spawn monster count
 E = Non-spawn monster count
 F = Spawn count percentage of total count
 G = Total turns spent on level
                    A         B        C        D         E        F      G
               +---------+---------+-------+---------+---------+-------+---------
         Total |       0 |      61 |   0.0 |       0 |      33 |   0.0 |  1349
               +---------+---------+-------+---------+---------+-------+---------
           D:1 |       0 |      40 |   0.0 |       0 |      23 |   0.0 |  1102
           D:2 |       0 |      21 |   0.0 |       0 |      10 |   0.0 |   247
               +---------+---------+-------+---------+---------+-------+---------
